[Event "Late-Titled-Tuesday-Blitz-December-26-2023"]
[Site "Chess.com"]
[Date "2023.12.26"]
[Round "7"]
[White "marvinguevara"]
[Black "micke12a"]
[Result "0-1"]
[WhiteElo "2224"]
[BlackElo "2396"]
[TimeControl "180+1"]
[EndTime "15:18:09 PST"]
[Termination "micke12a won by resignation"]

1. e4 c5 2. d4 cxd4 3. c3 d3 4.
Bxd3 g6 5. c4 Bg7 6. Nc3 Nc6 7.
Be3 Nf6 8. h3 d6 9. Nf3 O-O 10.
O-O a6 11. Nd4 Bd7 12. Nc2 Rc8 13. Qd2 Ne5 14. b3 Qa5 15. Nd5 Qxd2 16. Nxe7+ Kh8 17. Bxd2 Nxd3 18. Nxc8 Rxc8 19. Bc3 Nxe4 20. Bxg7+ Kxg7 21. Rad1 Ndc5 22. Rfe1 Bc6 23. Nb4 a5 24. Nd3 Nc3 25.
Rd2 Nxd3 26. Rxd3 Nxa2 27. Rxd6 a4 28. bxa4 Bxa4 29. Ra1 Bb3 30. Rd7 Bxc4 31. Rxb7 Nc3 32. Kh2 Ne4 33. f3 Nd6 34. Rd7 Nf5 35. Raa7 Be6 36.
Rd2 h5 37. Re2 Kf6 38. Rd2 h4 39. Ra4 Rc1 40. Rb4 Ng3 41. Rf4+ Kg5 42. Rxh4 Kxh4 43. Rd4+ Kg5 44. Kxg3 f5 45. Rd6 Kf6 46. Ra6 g5 47. Rb6 Rc5 48. Ra6 Ke5 49. Ra3 Rc4 50. Re3+ Re4 51. Ra3 Re2 52. Ra5+ Bd5 53. Rc5 f4+ 54. Kh2 Kd4 55. Rc8 Bxf3 56. Rd8+ Kc5 57. Rc8+ Kd6 58. Rd8+ Kc7 59. Rg8 Rxg2+ 60. Kh1 Rg3+ 61. Kh2 Kd6 62. h4 gxh4 63. Rf8 Ke5 64. Re8+ Kf5 65. Rf8+ Ke4 66.
Re8+ Kd3 67. Rf8 Ke3 68. Re8+ Be4 69. Rh8 f3 70. Rxh4 Rg2+ 71. Kh1 Ra2 72. Kg1 f2+ 73. Kh2 f1=Q+ 0-1

[Event "Late-Titled-Tuesday-Blitz-December-26-2023"]
[Site "Chess.com"]
[Date "2023.12.26"]
[Round "7"]
[White "shaya01"]
[Black "SmirnovTimofey2000"]
[Result "1-0"]
[WhiteElo "2221"]
[BlackElo "2003"]
[TimeControl "180+1"]
[EndTime "15:18:09 PST"]
[Termination "shaya01 won by checkmate"]

1. d4 d5 2. c4 c6 3. e3 Bf5 4. Nc3 e6 5. Nf3 Nf6 6. b3 Bb4 7. Bd2 O-O 8. Nh4 Bg6 9. Nxg6 hxg6 10.
Bd3 Nbd7 11. a3 Bxc3 12. Bxc3 Ne4 13. Bxe4 dxe4 14. d5 exd5 15. cxd5 Nf6 16. dxc6 bxc6 17. Qe2 Nd5 18. Bd4 Qa5+ 19. b4 Qd8 20. h4 a5 21. h5 Qg5 22. hxg6 Qxg6 23. Kd2 axb4 24.
Rh2 Nc3 25. Rah1 f6 26. Qc4+ Nd5 27. Qxc6 Qf5 28. Rh8+ Kf7 29. Qb7+ Ne7 30. Rxf8+ Rxf8 31. axb4 Qxf2+ 32. Kc3 Rc8+ 33. Bc5 Qxe3+ 34. Kb2 Qd2+ 35. Kb3 Qd3+ 36. Kb2 Qe2+ 37. Kb3 Qxg2 38. Qxe7+ Kg6 39. Rg1 Qxg1 40. Bxg1 Kh7 41. Qxe4+ Kg8 42. Qd5+ Kh8 43. Qh5+ Kg8 44. Qd5+ Kh8 45. b5 Rb8 46. b6 Rxb6+ 47.
Bxb6 Kh7 48. Qf5+ Kg8 49. Bd8 Kf7 50. Bxf6 gxf6 51. Kc4 Ke7 52. Kd5 Kf7 53. Kd6 Kg7 54. Ke6 Kh8 55. Qxf6+ Kh7 56. Qg5 Kh8 57. Kf7 Kh7 58.
Qg7# 1-0

[Event "Late-Titled-Tuesday-Blitz-December-26-2023"]
[Site "Chess.com"]
[Date "2023.12.26"]
[Round "7"]
[White "IngOscarArdila"]
[Black "wild3000"]
[Result "0-1"]
[WhiteElo "2320"]
[BlackElo "2472"]
[TimeControl "180+1"]
[EndTime "15:18:14 PST"]
[Termination "wild3000 won by checkmate"]

1. d4 d5 2. c4 dxc4 3. Qa4+ Nc6 4. Nf3 Nf6 5. Qxc4 Qd5 6. e3 e6 7.
Nc3 Bb4 8. Bd2 Qxc4 9. Bxc4 O-O 10. O-O-O a6 11. a3 Bd6 12. e4 e5 13. d5 Nd4 14.
Be3 Bg4 15. Bxd4 exd4 16. Rxd4 b5 17. Be2 Rfe8 18. h3 Bh5 19. g4 Bg6 20. Nd2 Bc5 21. Rd3 Bxf2 22. Bf3 Bg3 23. h4 h5 24. g5 Nd7 25.
Nb3 Ne5 26. Kc2 Nxd3 27. Kxd3 Rad8 28. Nc5 c6 29. Nxa6 cxd5 30. Kc2 d4 31. Nd5 Rxd5 32. Nb4 Rc5+ 33. Kd3 Be5 34. Nd5 Rxd5 35. Rc1 Rdd8 36.
Rc6 b4 37. axb4 Rb8 38. Rc4 Rec8 39. b3 Rxc4 40. Kxc4 Rc8+ 41. Kd5 d3 42. Kxe5 d2 43. b5 Rc3 44. Bd1 Rc1 45. Be2 d1=Q 46. Bxd1 Rxd1 47. b6 Rb1 48. Kd6 Rxb3 49. Kc7 Bxe4 50. b7 Rxb7+ 51. Kd6 Rb4 52. Ke5 Bg6 53. Kd6 Rxh4 54. Kc5 Rg4 55. Kd6 Rxg5 56. Ke7 Rf5 57. Kd6 h4 58. Ke7 h3 59.
Kd8 h2 60. Ke7 h1=Q 61. Kd8 Qb7 62. Ke8 Re5+ 63. Kd8 Rd5+ 64. Ke8 f6# 0-1

[Event "Late-Titled-Tuesday-Blitz-December-26-2023"]
[Site "Chess.com"]
[Date "2023.12.26"]
[Round "7"]
[White "gahryman"]
[Black "kikoveiga"]
[Result "1-0"]
[WhiteElo "2660"]
[BlackElo "2531"]
[TimeControl "180+1"]
[EndTime "15:18:15 PST"]
[Termination "gahryman won by resignation"]

1. e4 c5 2. Nf3 e6 3. c3 Nf6 4. e5 Nd5 5. d4 d6 6. c4 Nc7 7. exd6 Qxd6 8. Nc3 cxd4 9. Nxd4 Nc6 10. Be3 Nxd4 11. Qxd4 e5 12. Qxd6 Bxd6 13. c5 Be7 14. Nb5 Nxb5 15. Bxb5+ Bd7 16. Be2 Bc6 17. O-O f5 18. f3 O-O-O 19. Rfd1 e4 20. f4 Bf6 21.
Rxd8+ Rxd8 22. Rb1 a5 23. Kf2 h6 24. b3 g5 25. g3 Kc7 26. a3 Bd4 27. Bxd4 Rxd4 28.
Ke3 Rd8 29. Rd1 Rxd1 30. Bxd1 b6 31. b4 axb4 32. axb4 bxc5 33. bxc5 Bb5 34. Bb3 gxf4+ 35. gxf4 Bd7 36. Kd4 Kc6 37. Ba4+ Kc7 38. Bb3 Kc6 39.
Bc4 Bc8 40. Bd5+ Kb5 41. Bc4+ Kc6 42. h4 Bd7 43. Be2 Bc8 44. Bh5 Bd7 45. Bf7 e3 46. Bd5+ Kb5 47. Bc4+ Kc6 48. Be2 Bc8 49. Bf3+ Kb5 50. c6 e2 51. Bxe2+ Kxc6 52. Ke5 Kc5 53.
Bd3 Bd7 54. Bxf5 Be8 55. Be6 Kc6 56. f5 Kc7 57. Kf6 Kd6 58. Kg7 h5 59. Bb3 Ke5 60.
f6 Kf4 61. Bf7 Bd7 62. Bxh5 Be6 63. Bg6 1-0

[Event "Late-Titled-Tuesday-Blitz-December-26-2023"]
[Site "Chess.com"]
[Date "2023.12.26"]
[Round "7"]
[White "MasterofMasters2006"]
[Black "Smile2005"]
[Result "1-0"]
[WhiteElo "2085"]
[BlackElo "2348"]
[TimeControl "180+1"]
[EndTime "15:18:16 PST"]
[Termination "MasterofMasters2006 won on time"]

1. d4 Nf6 2. c4 e6 3. Nf3 d5 4. Nc3 Nbd7 5. Bg5 c6 6. e3 Be7 7.
Rc1 Ne4 8. Bxe7 Qxe7 9. Qc2 Ndf6 10. Bd3 Nxc3 11. Qxc3 dxc4 12. Bxc4 O-O 13. O-O c5 14.
Rfd1 cxd4 15. Qxd4 b6 16. Bb5 Bb7 17. Ne5 Rfd8 18.
Qh4 Rxd1+ 19. Rxd1 Rd8 20. Rxd8+ Qxd8 21. Nd7 a6 22. Nxf6+ Qxf6 23. Qxf6 gxf6 24. Bd3 f5 25. f3 Kf8 26. Kf2 Ke7 27. g4 fxg4 28. fxg4 h6 29. Kg3 f6 30. Kh4 Bf3 31. Bxa6 Kd6 32. h3 f5 33.
gxf5 exf5 34. Kg3 Bd5 35. a3 Ke5 36. Bd3 Bb3 37. h4 Bd1 38. Bb1 Bb3 39. Bd3 Bd5 40. Bc2 Bc6 41. Bd3 Bd5 42. Bc2 b5 43. Bd3 Bc6 44.
b3 Be8 45. Kf3 Bc6+ 46. Kg3 Bd7 47. Be2 Be8 48. Kf2 Ke4 49. Bf1 Ke5 50. Ke2 Bf7 51. Kd2 Be8 52. Bd3 Bc6 53. Kc3 f4 54. exf4+ Kxf4 55. Kb4 Kg3 56. Bxb5 Be4 57. Kc5 Kxh4 58. Bc6 Bxc6 59.
Kxc6 Kg3 60. b4 h5 61. b5 h4 62. b6 h3 63. b7 1-0

[Event "Late-Titled-Tuesday-Blitz-December-26-2023"]
[Site "Chess.com"]
[Date "2023.12.26"]
[Round "7"]
[White "GoltsevDmitry2000"]
[Black "Fh2411"]
[Result "0-1"]
[WhiteElo "2672"]
[BlackElo "2546"]
[TimeControl "180+1"]
[EndTime "15:18:20 PST"]
[Termination "Fh2411 won on time"]

1. e4 c5 2. Nf3 e6 3. d4 cxd4 4. Nxd4 a6 5. Nc3 Qc7 6. Be2 b5 7. a3 Bb7 8. O-O Nf6 9. Bf3 d6 10. Bg5 Nbd7 11. Qd2 Be7 12. Rad1 O-O 13. Rfe1 Rac8 14.
Bf4 Rfd8 15. Nb3 Ne5 16. Bxe5 dxe5 17. Qe3 Nd7 18. Be2 h6 19. g3 Nc5 20. Bh5 Na4 21. Nxa4 bxa4 22. Na1 Bc5 23. Qf3 g6 24. Bg4 f5 25. Bh3 Qb6 26. b4 axb3 27. Nxb3 Rxd1 28. Rxd1 Bxe4 29. Qe2 Bxa3 30. Na1 Bc5 31. Bg2 Bxg2 32.
Kxg2 Bd4 33. Nb3 Qc6+ 34. Kg1 Bc3 35. Rd3 a5 36. Rd1 a4 37. Nc1 e4 38. Na2 Bb2 39. c3 a3 40. Qc2 Qc4 41. Nb4 Qxb4 42. Qd2 Qxc3 43. Qd7 Qc6 44. Qe7 Qe8 45. Qa7 Rd8 46. Rf1 Qd7 47. Qa6 Kh7 48. h4 h5 49. Kh2 Qd3 50. Qb7+ Rd7 51. Qc8 Bg7 52. Rg1 a2 53.
Qe8 a1=Q 54. Rxa1 Bxa1 55. g4 fxg4 56. Kh1 Be5 0-1

[Event "Late-Titled-Tuesday-Blitz-December-26-2023"]
[Site "Chess.com"]
[Date "2023.12.26"]
[Round "7"]
[White "Dr_crypt"]
[Black "anasta10"]
[Result "0-1"]
[WhiteElo "2382"]
[BlackElo "2618"]
[TimeControl "180+1"]
[EndTime "15:18:29 PST"]
[Termination "anasta10 won on time"]

1. Nf3 Nf6 2. b3 g6 3. Bb2 Bg7 4. c4 O-O 5. g3 c5 6. Bg2 Nc6 7. O-O d6 8. d4 Ne4 9. Nbd2 Bf5 10. Nxe4 Bxe4 11. Qd2 Qa5 12. Qxa5 Nxa5 13. e3 Rab8 14. Rac1 Rfc8 15. Bc3 Nc6 16. dxc5 dxc5 17. Bxg7 Kxg7 18.
Rfd1 Rd8 19. Ne1 Bxg2 20. Nxg2 b6 21. Kf1 Nb4 22. a3 Nd3 23. Rb1 Ne5 24. Ke2 Rxd1 25. Rxd1 b5 26. Rd5 bxc4 27. bxc4 Nxc4 28. Rxc5 Rb2+ 29.
Kf3 Nd2+ 30. Kf4 Nb3 31. Rb5 Rxf2+ 32. Kg4 Rxg2 33. Rxb3 Ra2 34. h4 h5+ 35. Kg5 e6 36.
Kf4 a5 37. Rc3 a4 38. Ke5 Rg2 39. e4 Rb2 40. Kd4 Kf6 41. Rf3+ Ke7 42. e5 Rd2+ 43. Kc4 Rd5 44. Re3 Kd7 45. Kb4 Rd4+ 46. Kc5 Rg4 47. Rd3+ Ke7 48. Re3 f6 49. exf6+ Kxf6 50. Kd6 Rd4+ 51.
Kc5 e5 52. Rf3+ Ke6 53. Re3 Rg4 54. Kb5 Kd5 55. Rc3 Rd4 56. Rc6 e4 57. Rxg6 e3 58.
Rg5+ Ke4 59. Rxh5 e2 60. Rh8 Rd5+ 0-1

[Event "Late-Titled-Tuesday-Blitz-December-26-2023"]
[Site "Chess.com"]
[Date "2023.12.26"]
[Round "7"]
[White "Camilla_Lee"]
[Black "lukazz029"]
[Result "1-0"]
[WhiteElo "2602"]
[BlackElo "2023"]
[TimeControl "180+1"]
[EndTime "15:18:29 PST"]
[Termination "Camilla_Lee won by resignation"]

1. e4 c5 2. Nf3 d6 3. d4 cxd4 4. Nxd4 Nf6 5. Nc3 a6 6. Bc4 e6 7. O-O Nxe4 8. Nxe4 d5 9. Bd3 dxe4 10. Bxe4 Qc7 11.
Be3 Bd6 12. g3 Nd7 13. Bg2 Nf6 14. Bg5 Bd7 15. c4 Rc8 16. Rc1 b6 17. Re1 Be7 18. Bf4 Qa7 19. a3 O-O 20. b4 Rfd8 21. Qe2 Be8 22.
Be3 Qc7 23. Bf4 Qa7 24. Be3 Qc7 25. Red1 Ba4 26. Rd2 h6 27. h4 Bf8 28. g4 e5 29.
Nf5 Rxd2 30. Qxd2 Nxg4 31. Qe2 Nxe3 32. Qxe3 Bc6 33. Qg3 Kh7 34. Bh3 Bd7 35. h5 Be6 36.
Qf3 Qc6 37. Qd3 Qd7 38. Nd6+ Kh8 39. Bxe6 fxe6 40. Rd1 Rd8 41. c5 Bxd6 42. cxd6 Qc6 43. d7 b5 44. Qg6 Kg8 45. Qd3 Kh8 46. Qd2 Kg8 47. Kh2 Qc7 48. Kg3 e4+ 49. Kg2 Qe5 50. Qe3 Qg5+ 51. Qxg5 hxg5 52. Kg3 Kf7 53. Kg4 Ke7 54.
Kxg5 Rxd7 55. Rxd7+ Kxd7 56. Kg6 Kd6 57. Kxg7 Ke5 58.
h6 Kf4 59. h7 Kf3 60. h8=Q Kxf2 61. Qh2+ Kf3 62. Qe5 e3 63. Qf6+ Ke2 64. Qxe6 Kd2 65. Qd5+ Ke1 66. Qh1+ Kd2 67. Qh6 Kd3 68. Qd6+ Ke2 69.
Qxa6 Kf2 70. Qxb5 e2 71. Qxe2+ 1-0

[Event "Late-Titled-Tuesday-Blitz-December-26-2023"]
[Site "Chess.com"]
[Date "2023.12.26"]
[Round "7"]
[White "CheckThis4"]
[Black "AGW2016"]
[Result "1/2-1/2"]
[WhiteElo "2725"]
[BlackElo "2581"]
[TimeControl "180+1"]
[EndTime "15:18:32 PST"]
[Termination "Game drawn by repetition"]

1. e4 c5 2. Nf3 d6 3. d4 cxd4 4. Nxd4 Nf6 5. Nc3 a6 6. Be3 e5 7. Nb3 Be7 8. Be2 Be6 9. g4 d5 10. exd5 Nxd5 11. Nxd5 Qxd5 12. Bf3 Qxd1+ 13. Rxd1 Nc6 14.
Bxc6+ bxc6 15. h3 f6 16. Nc5 Bxc5 17. Bxc5 h5 18. Rd6 Bd5 19. Rg1 Kf7 20. b3 Rad8 21.
Rxd8 Rxd8 22. gxh5 Rh8 23. c4 Be6 24. Kd2 Rxh5 25. Kc3 a5 26. Rg3 a4 27. Kb4 axb3 28.
Rxb3 Rxh3 29. Rxh3 Bxh3 30. a4 Ke6 31. Bf8 g6 32.
Kc5 Kd7 33. Bg7 Kc7 34. Bxf6 e4 35. a5 Kb7 36. Kd4 Be6 37. Bd8 Bf7 38. c5 Bd5 39. Ke5 Ka6 40. Kf6 Kb7 41. Kxg6 Ka6 42. Kf6 Kb7 43.
Ke5 Ka6 44. Bb6 Kb7 45. Kd6 Bc4 46. Ke5 Bd5 47. Kd4 Ka6 48. Ke3 Kb7 49. Bd8 Ka6 50. Kd4 Kb7 51. Bg5 Ka6 52. Bd2 Kb7 53. Ke5 Ka6 54.
Kd6 Kb7 55. Bc3 Bc4 56. Be1 Bd5 57. Bd2 Bc4 58. Ke5 Bd5 59. Kf4 Ka6 60. Ke3 Kb7 61. Kd4 Ka6 62. Bc3 Kb7 63. Ke5 Ka6 64. Kd6 Kb7 65.
Bb4 Bc4 66. Be1 Bd5 67. Ke7 Bc4 68. Kd8 Bd5 69. Ke8 Bc4 70. Ke7 Ka6 71. Kd6 Kb7 72.
Ke5 Bd5 73. Kf4 Ka6 74. Ke3 Kb7 75. Kd4 Ka6 76. Bd2 Kb7 77. Ke5 Ka6 78. Kf5 Ka7 79. Kf6 Ka6 80. Kg5 Ka7 81. Kf4 Ka6 82. Kf5 Ka7 83.
Bf4 Ka6 84. Bc7 Kb7 85. Bb6 Ka6 86. Kf4 Kb7 87. Ke3 Ka6 88. f4 exf3 89. Kf2 Kb7 90. Ke3 Ka6 91. Kf2 Kb7 92. Ke3 Ka6 1/2-1/2

[Event "Late-Titled-Tuesday-Blitz-December-26-2023"]
[Site "Chess.com"]
[Date "2023.12.26"]
[Round "7"]
[White "EsmeraldasAnderson03"]
[Black "staz_staz"]
[Result "1/2-1/2"]
[WhiteElo "2392"]
[BlackElo "2258"]
[TimeControl "180+1"]
[EndTime "15:18:38 PST"]
[Termination "Game drawn by repetition"]

1. b3 e5 2. Bb2 Nc6 3. e3 d6 4. Bb5 Ne7 5. f4 Bd7 6. fxe5 Nxe5 7.
Bxd7+ Qxd7 8. Nf3 N7c6 9. O-O O-O-O 10. Nc3 h5 11. Qe1 f6 12. a4 g5 13. Nd5 Bg7 14. Nd4 Nxd4 15. exd4 Ng4 16. h3 Rde8 17. Qd1 Qe6 18.
Qf3 Nh6 19. Rae1 Qf7 20. Ne3 f5 21. Nc4 f4 22. Na5 d5 23. b4 g4 24. Rxe8+ Rxe8 25. Qxf4 Qg6 26. d3 Kb8 27. hxg4 Nxg4 28. Qf7 Qxf7 29. Rxf7 Bh6 30. Kf1 Ne3+ 31. Ke2 Nxc2+ 32. Kd1 Nxb4 33. Bc3 Nxd3 34. Nb3 Nf4 35. Rf6 Bg5 36. Rf5 Rg8 37. Bd2 Nxg2 38. Bxg5 h4 39. Ke2 h3 40. Kf2 b6 41. Kg3 Ne3 42. Re5 Nf1+ 43. Kxh3 Rh8+ 44. Kg4 Nh2+ 45. Kg3 Kb7 46. Bf4 Nf1+ 47. Kf2 Nh2 48. Bxh2 Rxh2+ 49. Kf3 Rh3+ 50. Kf4 Rxb3 51. Rxd5 Rb4 52. a5 Rc4 53. axb6 axb6 54. Ke4 Ka6 55. Kd3 Ra4 56. Rd8 c6 57. Ra8+ Kb5 58. Rc8 Ra3+ 59. Ke4 Ra4 60. Kd3 Rb4 61. Rg8 Rb3+ 62. Ke4 Rb1 63.
Rg2 Re1+ 64. Kd3 Rd1+ 65. Kc3 Rc1+ 66. Kd3 Rb1 67. Rc2 c5 68. dxc5 bxc5 69. Rh2 Rb3+ 70. Kc2 Ra3 71. Rh4 c4 72. Rg4 Kb4 73. Rg8 Rh3 74.
Rb8+ Kc5 75. Rc8+ Kb5 76. Rb8+ Kc5 77. Rc8+ Kb4 78. Rb8+ Kc5 1/2-1/2

[Event "Late-Titled-Tuesday-Blitz-December-26-2023"]
[Site "Chess.com"]
[Date "2023.12.26"]
[Round "7"]
[White "robertoalejandro10"]
[Black "IMRosen"]
[Result "1-0"]
[WhiteElo "2579"]
[BlackElo "2686"]
[TimeControl "180+1"]
[EndTime "15:18:48 PST"]
[Termination "robertoalejandro10 won on time"]

1. Nf3 d5 2. b3 Nf6 3. Bb2 Bg4 4. g3 Nbd7 5. Bg2 e6 6. O-O Bd6 7. c4 c6 8. d4 Qb8 9. Nc3 O-O 10. Re1 dxc4 11. bxc4 e5 12. d5 cxd5 13. Nxd5 Nxd5 14. cxd5 f5 15. Ng5 Qe8 16. Ne6 Rf6 17. Qb3 Rb8 18.
Qa4 a6 19. e3 Bh5 20. Rac1 Bf7 21. Nc7 Qd8 22. Ne6 Qe7 23. Ng5 Be8 24. Ne6 Nc5 25.
Qc2 Nxe6 26. dxe6 Qxe6 27. Red1 Kh8 28. Rd2 Qe7 29. Rcd1 Rd8 30. Qb3 Bf7 31. Qxb7 Rb8 32. Qxe7 Bxe7 33. Bxe5 Rfb6 34. Bxb8 Rxb8 35. Rd7 Re8 36.
Ra7 Bxa2 37. Rxa6 Bb3 38. Rb1 Bc4 39. Ra8 Rxa8 40. Bxa8 h6 41. Bf3 Bf6 42. Rb6 Bd3 43.
Rb8+ Kh7 44. Rc8 Kg6 45. Rc6 Bb5 46. Rd6 Bc4 47. h4 Kf7 48. Rc6 Bb5 49. Rc7+ Kf8 50. Kg2 Be8 51. Rc8 Ke7 52. Rc7+ Kf8 53. Ra7 Bf7 54.
g4 fxg4 55. Bxg4 Bxh4 56. f4 Bf6 57. e4 h5 58. Bf3 Bd4 59. Ra8+ Ke7 60. e5 g5 61.
fxg5 Bxe5 62. Ra7+ Kf8 63. Be4 Kg8 64. g6 Bc4 65. Ra4 Bb3 66. Rb4 Ba2 67. Rb5 Bf6 68.
Kf3 h4 69. Rh5 Be6 70. Kf4 h3 71. Bf5 Bc4 72. Rxh3 Be7 73. Rh7 Bd6+ 74. Kg4 Be2+ 75. Kg5 Bb4 76. Rd7 Ba3 77. Be6+ Kf8 78. g7+ 1-0

[Event "Late-Titled-Tuesday-Blitz-December-26-2023"]
[Site "Chess.com"]
[Date "2023.12.26"]
[Round "7"]
[White "sofaceindisguise"]
[Black "DanylaBagrov"]
[Result "1-0"]
[WhiteElo "2733"]
[BlackElo "2573"]
[TimeControl "180+1"]
[EndTime "15:18:50 PST"]
[Termination "sofaceindisguise won by resignation"]

1. Nf3 d6 2. d4 Nf6 3. c4 g6 4.
g3 Bg7 5. Bg2 O-O 6. O-O Nbd7 7.
Nc3 e5 8. e4 exd4 9. Nxd4 a5 10. Re1 Nc5 11. f3 Nfd7 12. Be3 a4 13. Qc2 Ne5 14.
b3 Ned3 15. Reb1 axb3 16. axb3 Nb4 17. Qd1 Rxa1 18. Rxa1 f5 19. Ra8 fxe4 20. Nxe4 Nxe4 21. fxe4 Qf6 22. Qd2 Nc6 23. Nb5 Qe7 24. Bg5 Qf7 25. h3 Ne5 26. Bf4 Bxh3 27. Rxf8+ Bxf8 28. Bxe5 Bxg2 29. Kxg2 dxe5 30. Qd8 c6 31. Nd6 Qe6 32. Nxb7 Qg4 33.
Qd3 h5 34. Nd8 c5 35. Nc6 Bg7 36. Ne7+ Kh7 37. Qf3 Qg5 38. Nd5 Qd2+ 39. Qf2 Qd3 40. Qe3 Qc2+ 41. Kh3 Qb1 42. Qf3 Kh6 43. g4 hxg4+ 44.
Kxg4 Qg1+ 45. Kh3 Kh7 46. Qg2 Qd1 47. Kg3 Qxb3+ 48. Kg4 Qxc4 49. Qf3 Qc1 50. Qh3+ Qh6 51.
Qf3 Qh5+ 52. Kg3 Qxf3+ 53. Kxf3 c4 54. Ke3 Bh6+ 55. Ke2 Bf4 56. Kd1 g5 57. Kc2 g4 58.
Nf6+ Kg6 59. Nxg4 Kg5 60. Nf2 Bg3 61. Nd1 Be1 62. Ne3 c3 63. Kd3 Bd2 64. Nc4 Kf4 65.
Na3 Kf3 66. Nc2 Kf2 67. Na3 Ke1 68. Kc2 Ke2 69. Nc4 Bf4 70. Kxc3 Kf3 71. Kd3 Bg3 72. Nd6 Bf4 73. Kc4 Bh2 74. Kd5 Bf4 75. Nf7 Kg4 76.
Ke6 Kf3 77. Kf5 Ke3 78. Nxe5 Kd4 79. Kxf4 1-0

[Event "Late-Titled-Tuesday-Blitz-December-26-2023"]
[Site "Chess.com"]
[Date "2023.12.26"]
[Round "7"]
[White "DishonorOnYourCow"]
[Black "Thjop"]
[Result "0-1"]
[WhiteElo "2558"]
[BlackElo "2702"]
[TimeControl "180+1"]
[EndTime "15:18:51 PST"]
[Termination "Thjop won on time"]

1. d4 Nf6 2. c4 g6 3. Nc3 Bg7 4. e4 d6 5. Nf3 O-O 6. Be2 e5 7. O-O Nc6 8. d5 Ne7 9. b4 Ne8 10. Re1 f5 11. a4 Nf6 12. exf5 Nxf5 13. Ra3 a5 14. bxa5 Rxa5 15. Bd2 Ra8 16. Ng5 Qe7 17. Nge4 Nd4 18. Bg5 h6 19. Nxf6+ Bxf6 20. Bxh6 Bg7 21. Bxg7 Kxg7 22. Bd3 Qh4 23. Ne4 Bg4 24. Qd2 Rh8 25. h3 Bxh3 26. Qg5 Bf5 27. Qxh4 Rxh4 28. f3 Bxe4 29.
Rxe4 Rxe4 30. Bxe4 b6 31. Kf2 Kf6 32. Ke3 g5 33. g3 Ra5 34. f4 gxf4+ 35. gxf4 Ra8 36. Ra1 Nb3 37. Rh1 Rxa4 38. Rh6+ Kg7 39. Rh7+ Kf8 40. Rxc7 Nc5 41. fxe5 dxe5 42. d6 Rxc4 43. Bd5 Rd4 44. Rc8+ Kg7 45. Rc7+ Kf6 46. Rf7+ Kg6 47. Ba2 Rxd6 48. Rc7 Kf6 49. Bc4 e4 50. Rf7+ Ke5 51. Rc7 Rh6 52. Re7+ Kd6 53. Re8 Rh1 54. Rd8+ Kc7 55. Rg8 Re1+ 56. Kd4 Rd1+ 57. Ke3 Rc1 58. Bd5 Rc3+ 59. Kd4 Rd3+ 60. Kc4 Rd1 61. Rg7+ Kd6 62. Rg6+ Ke5 63. Rg5+ Kf4 64. Rg8 e3 65. Rf8+ Kg3 66. Rg8+ Kf4 67. Rf8+ Kg5 68. Rg8+ Kf6 69. Rf8+ Ke7 70. Rf7+ Ke8 71. Rf3 Re1 72. Kb5 Nd7 73. Bc4 Ne5 74. Rf5 Nd7 75. Rf3 Ke7 76. Bd3 Kd6 77. Rh3 Ne5 78. Rh6+ Ke7 79. Bc4 Rb1+ 0-1

[Event "Late-Titled-Tuesday-Blitz-December-26-2023"]
[Site "Chess.com"]
[Date "2023.12.26"]
[Round "7"]
[White "Slovak_fighter2000"]
[Black "KNVB"]
[Result "0-1"]
[WhiteElo "2485"]
[BlackElo "2697"]
[TimeControl "180+1"]
[EndTime "15:18:52 PST"]
[Termination "KNVB won on time"]

1. c3 b6 2. Qc2 Bb7 3. e4 e6 4.
d4 c5 5. Bd3 cxd4 6. cxd4 Nc6 7.
Nf3 Nb4 8. Qe2 Nxd3+ 9. Qxd3 Nf6 10. Nc3 Bb4 11. e5 Ne4 12. O-O Nxc3 13. bxc3 Be7 14. Bf4 Rc8 15. Nd2 O-O 16. c4 d5 17. exd6 Bxd6 18.
Bxd6 Qxd6 19. Nb3 Qc6 20. d5 Qxc4 21. Qxc4 Rxc4 22. dxe6 fxe6 23. Rad1 Bd5 24. Rd2 Ra4 25. h3 Rc8 26. Rb1 Kf7 27. Rbb2 g5 28. Nd4 Kf6 29.
Ne2 h5 30. Kh2 h4 31. Nd4 Rc5 32. Ne2 Ra3 33. f3 Rca5 34. Nc1 Rc3 35. Nd3 Ra6 36. Nb4 Ra5 37. Nd3 Rca3 38. Nb4 R3a4 39. Kg1 Rb5 40.
Nxd5+ Rxd5 41. Re2 Rda5 42. Kf2 Rd4 43. Kg1 Rc5 44.
Kh2 e5 45. Kg1 Ke6 46. Kf2 Kd5 47. Kg1 b5 48. Kf2 a5 49. Re3 Kd6 50. Ree2 Rcd5 51.
Ke3 b4 52. Rec2 Rc5 53. Re2 Rc3+ 54. Kf2 Kd5 55. Kf1 Ra3 56. Kf2 e4 57. fxe4+ Rxe4 58.
Red2+ Rd4 59. Re2 Rf4+ 60. Kg1 Re4 61. Red2+ Rd4 62. Rf2 Kc4 63. Rfc2+ Rc3 64. Rf2 Kb5 65. Rf5+ Rc5 66. Rf8 Rd1+ 67. Kf2 Rdc1 68. Kf3 R1c2 69. Rb8+ Ka4 70. Rb1 Rc1 71. Rxc1 Rxc1 0-1

[Event "Late-Titled-Tuesday-Blitz-December-26-2023"]
[Site "Chess.com"]
[Date "2023.12.26"]
[Round "7"]
[White "Alex_Banzea"]
[Black "a-z30"]
[Result "0-1"]
[WhiteElo "2625"]
[BlackElo "2526"]
[TimeControl "180+1"]
[EndTime "15:18:57 PST"]
[Termination "a-z30 won by checkmate"]

1. d4 Nf6 2. Nc3 g6 3. e4 d6 4. Bf4 Bg7 5. e5 Nfd7 6. Nf3 c5 7. exd6 cxd4 8. Nb5 O-O 9. Nc7 Nc6 10. Nxa8 e5 11.
Bg5 Nf6 12. Be2 Qxd6 13. O-O Be6 14. Bh4 Rxa8 15. Bg3 Nh5 16. c3 Nxg3 17. hxg3 Rd8 18. cxd4 exd4 19. Bd3 Nb4 20. a3 Nxd3 21. Qxd3 h6 22.
Rac1 Bf5 23. Qd2 d3 24. Rfd1 b6 25. Re1 a5 26. Re3 Qd5 27. Rce1 Qd7 28. Re7 Qd5 29. Re8+ Rxe8 30. Rxe8+ Kh7 31. Re1 Qb3 32. Rb1 Qc2 33.
Rc1 Qxd2 34. Nxd2 Bxb2 35. Rc6 Bxa3 36. Rxb6 Bb4 37. Nf3 d2 38. Nxd2 Bxd2 39. Ra6 Bb4 40. Ra7 Be6 41. f3 Kg7 42. Kf1 h5 43. Ra8 Kf6 44.
Kf2 Kg7 45. Ke2 Bb3 46. Kd3 Be6 47. Rb8 Bd5 48. Rd8 Be6 49. Ra8 Bf5+ 50. Kd4 Bd7 51.
Ra7 Bb5 52. Rb7 Bf1 53. g4 hxg4 54. fxg4 Bxg2 55. Rb8 Bf3 56. g5 Bg4 57. Ra8 Be6 58. Ra7 Bd2 59. Ke5 Bxg5 60. Rxa5 Bf6+ 61. Kf4 Be7 62. Kg3 Bf6 63. Rb5 Bd4 64. Ra5 Bf6 65.
Rb5 Bf5 66. Kf4 Bd4 67. Ra5 Bf6 68. Rb5 Be6 69. Ra5 g5+ 70. Kg3 Kg6 71. Ra6 Bf5 72. Ra5 Be6 73. Rb5 Bg7 74. Rc5 f5 75. Ra5 Kf6 76.
Ra6 Bf8 77. Ra5 Be7 78. Kf3 Bd6 79. Rb5 g4+ 80. Kg2 Be5 81. Ra5 f4 82. Rb5 f3+ 83. Kf2 Kf5 84. Rb4 Bf4 85. Ra4 Be5 86. Rb4 Bd5 87. Ra4 Be4 88. Rb4 Kf4 89. Ra4 g3+ 90.
Kg1 Bc3 91. Ra2 Bd4+ 92. Kh1 g2+ 93. Kh2 g1=Q+ 94. Kh3 Qg3# 0-1

[Event "Late-Titled-Tuesday-Blitz-December-26-2023"]
[Site "Chess.com"]
[Date "2023.12.26"]
[Round "7"]
[White "Dedic8"]
[Black "carokannlover213"]
[Result "1/2-1/2"]
[WhiteElo "2844"]
[BlackElo "2691"]
[TimeControl "180+1"]
[EndTime "15:19:23 PST"]
[Termination "Game drawn by repetition"]

1. d4 e6 2. c4 Nf6 3. Nc3 Bb4 4. e3 O-O 5. Bd3 Re8 6. Ne2 d5 7. O-O Bf8 8. e4 dxe4 9. Nxe4 Nbd7 10. Ng5 h6 11. Nf3 c5 12. Bc2 cxd4 13. Nexd4 Qc7 14. h3 a6 15. b3 b6 16. Be3 Bb7 17. Qc1 Bb4 18. a3 Bd6 19. Re1 Ne5 20. Nd2 Nc6 21. N4f3 Ne5 22. Nd4 Nc6 23. Ne2 Rad8 24. Ra2 Ba8 25.
Bb1 Qb7 26. f3 Bb8 27. Ne4 Nxe4 28. Bxe4 Qc7 29. Bf4 Qe7 30. Bxb8 Rxb8 31. Qe3 Qc7 32. Rd2 Na5 33. Bxa8 Rxa8 34. Red1 Rad8 35. Rxd8 Rxd8 36. Rxd8+ Qxd8 37. Nd4 Qd6 38. Nc2 Kh7 39. Kf2 g6 40.
Ke2 Qg3 41. Ne1 Qd6 42. Nc2 Nc6 43. b4 Ne5 44. c5 bxc5 45. Qxc5 Qd3+ 46. Ke1 Qf5 47.
Ne3 Nd3+ 48. Kd2 Qxc5 49. bxc5 Nxc5 50. Kc3 Kg7 51. Kc4 Nb7 52. Nc2 Kf6 53. Nb4 a5 54.
Nc6 Kf5 55. a4 e5 56. Kb5 Ke6 57. Nxa5 Nd6+ 58. Kc6 f5 59. Nb3 e4 60. fxe4 fxe4 61. a5 e3 62. a6 Nc8 63. Kb7 Nd6+ 64. Kc6 Nc8 65. Kc7 Na7 66. Kb7 Nb5 67. Nc1 Kd5 68. Kb6 Kc4 69. Ne2 Nd6 70. Kc6 Nc8 71. g4 Na7+ 72.
Kb6 Nb5 73. h4 g5 74. h5 Nd6 75. Ng3 Nb5 76. Ka5 Kc5 77. Ne4+ Kc6 78. Ng3 Nd4 79. Ne2 Nb5 80. Kb4 Kb6 81. Kc4 Kxa6 82. Kd3 Kb6 83. Ng3 Kc5 84. Nf5 Nd6 85. Nxh6 Kd5 86. Kxe3 Ke5 87.
Kf3 Kf6 88. Ng8+ Kf7 89. Nh6+ Kf6 90. Kg3 Ke6 91. Kf3 Kf6 1/2-1/2